 Dungeon Crawl Stone Soup version 0.19-a0-1035-gdbfb0c6 (webtiles) character file.

117 aronpayne the Skirmisher (level 5, 0/42 HPs)
             Began as a Human Berserker on July 29, 2016.
             Was a Priest of Lugonu.
             Slain by a polar bear (3 damage)
             ... created by the rage of Trog
             ... on level 3 of the Dungeon.
             The game lasted 00:12:46 (2943 turns).

aronpayne the Skirmisher (Human Berserker)          Turns: 2943, Time: 00:12:46

Health: 0/42       AC: 10    Str: 18    XL:     5   Next: 22%
Magic:  5/5        EV:  4    Int:  7    God:    Lugonu [***...]
Gold:   183        SH: 12    Dex: 15    Spells: 0 memorised, 4 levels left

rFire  . . .     SeeInvis +     a - +0 mace
rCold  . . .     Gourm    .     u - +0 chain mail
rNeg   . . .     Faith    .     t - +0 large shield
rPois  .         Spirit   .     (no helmet)
rElec  .         Dismiss  +     h - +0 cloak
rCorr  .         Reflect  .     (no gloves)
SustAt .         Harm     .     (no boots)
MR     .....                    n - amulet of dismissal
Stlth  ..........               q - ring of see invisible
                                m - +2 ring of dexterity

@: not resistant to hostile enchantments, extremely unstealthy
A: no striking features
a: Depart the Abyss, Bend Space, Banish, Renounce Religion


You were on level 3 of the Dungeon.
You worshipped Lugonu.
Lugonu was most pleased with you.
You were not hungry.

You visited 1 branch of the dungeon, and saw 3 of its levels.

You collected 183 gold pieces.

Inventory:

Hand Weapons
 a - a +0 mace (weapon)
Missiles
 j - 4 poisoned javelins (quivered)
Armour
 h - a +0 cloak (worn)
 t - a +0 large shield (worn)
 u - a +0 chain mail (worn)
Jewellery
 m - a +2 ring of dexterity (left hand)
 n - an amulet of dismissal (around neck)
 q - a ring of see invisible (right hand)
Wands
 p - a wand of random effects (35/48)
Scrolls
 d - a scroll of enchant armour {unknown}
 f - 3 scrolls of identify {unknown}
 g - 4 scrolls of remove curse {unknown}
 o - a scroll of teleportation {unknown}
 s - a scroll of fear {unknown}
Potions
 e - a potion of invisibility {unknown}
 i - a potion of cure mutation {unknown}
 l - a potion of cancellation {unknown}
 r - a potion of degeneration {unknown}
Comestibles
 c - 2 chunks of flesh
 k - a slice of pizza


   Skills:
 * Level 4.0 Fighting
 + Level 3.3 Maces & Flails
 + Level 2.5 Armour
 + Level 3.3 Dodging
 + Level 0.6 Shields


You had 4 spell levels left.
You didn't know any spells.

Dungeon Overview and Level Annotations

Branches:
Dungeon (3/15)

Altars:
Elyvilon
Nemelex Xobeh
Xom
Lugonu


Message History

The polar bear is lightly wounded.
The polar bear bites you!
Your amulet of dismissal vibrates suddenly!
The polar bear disappears!
Unknown command.
You hear an angry growl.
The black bear rages.
You closely miss the black bear. You block the black bear's attack.
The black bear claws you but does no damage.
The black bear claws you.
The black bear rages.
You thump the polar bear!
The polar bear is lightly wounded.
You block the polar bear's attack. The polar bear claws you.
The polar bear barely misses you. The polar bear bites you!
* * * LOW HITPOINT WARNING * * *
The polar bear closely misses you.
The polar bear claws you but does no damage.
The polar bear barely misses you. The polar bear claws you.
You die...

.# ... .# #
... .. ..
..####. ..#
... .. ....
.# #.###.####
##.hh@....#
##รท.h##.##.#
##.###h#...
#[## ###.#
##########h#
#
.........hh#
###.#.###.#.#
#.#.(.#.##..
#...#...# ###


You could see a polar bear (berserk) and 2 black bears.

Vanquished Creatures
  3 adders
  An ooze (D:1)
  2 worms (D:2)
  5 dart slugs
  2 giant geckos
  7 orcs (D:3)
  4 giant cockroaches
  4 goblins (D:1)
  7 hobgoblins
  2 jackals (D:3)
  3 bats (D:1)
  6 giant newts
  7 kobolds
  12 rats
  A butterfly (D:2)
66 creatures vanquished.

Notes
Turn   | Place    | Note
-------+----------+-------------------------------------------
     0 | D:1      | aronpayne the Human Berserker began the quest for the Orb.
     0 | D:1      | Reached XP level 1. HP: 18/18 MP: 1/1
   120 | D:1      | Reached XP level 2. HP: 19/24 MP: 2/2
   615 | D:1      | Reached XP level 3. HP: 7/29 MP: 3/3
  1086 | D:1      | Reached ** piety under Trog
  1491 | D:2      | Found a faded altar of an unknown god.
  1505 | D:2      | Fell from the grace of Trog
  1505 | D:2      | Became a worshipper of Lugonu the Unformed
  1505 | D:2      | Reached * piety under Lugonu
  1505 | D:2      | Reached ** piety under Lugonu
  1546 | D:2      | Found a sparkling altar of Nemelex Xobeh.
  1815 | D:2      | Reached XP level 4. HP: 36/36 MP: 4/4
  1849 | D:2      | Found a white marble altar of Elyvilon.
  1938 | D:2      | Found a shimmering altar of Xom.
  2834 | D:3      | Reached XP level 5. HP: 41/42 MP: 5/5
  2858 | D:3      | Reached skill level 4 in Fighting
  2868 | D:3      | Reached *** piety under Lugonu
  2933 | D:3      | Noticed a black bear
  2933 | D:3      | Noticed a polar bear
  2933 | D:3      | Noticed a black bear
  2933 | D:3      | Noticed a black bear
  2933 | D:3      | Noticed a polar bear
  2943 | D:3      | Slain by a polar bear

Vault maps used:
D:1:      saegor_arrival_simple_e
D:2:      xom_butterflies, elyvilon_altar_3, nemelex_xobeh_ov_fountains_minmay,
          ecumenical_altar_1
D:3:      lemuel_blue_sif_altar, uniq_sigmund

Skill      XL: |  1  2  3  4  5 |
---------------+----------------+-----
Dodging        | 3 |  3.3
Fighting       | 4 |  4.0
Maces & Flails | |  3.3
Armour         | |  2.5
Shields        | |  0.6

Action                   |  1- 3 |  4- 6 || total
-------------------------+-------+-------++-------
Melee: Mace              |   130 |   126 ||   256
Throw: Javelin           |     4 |       ||     4
Invok: Berserk           |     1 |       ||     1
       Bend Space        |       |     1 ||     1
  Eat: Chunk             |     4 |     2 ||     6
       Bread ration      |       |     1 ||     1
Armor: Leather armour    |    27 |       ||    27
       Ring mail         |    34 |    34 ||    68
       Chain mail        |       |     9 ||     9
Dodge: Dodged            |    91 |    34 ||   125
Block: Large shield      |       |    63 ||    63
